 Dungeon Crawl Stone Soup version 0.28.0-53-g5a82cb258f (webtiles) character file.

Game seed: 3986365557583798047

452 Kaptain the Digger (level 7, -6/41 HPs)
             Began as a Gargoyle Earth Elementalist on July 18, 2022.
             Mangled by an iguana (9 damage)
             ... on level 4 of the Dungeon.
             The game lasted 00:07:43 (3984 turns).

Kaptain the Digger (Gargoyle Earth Elementalist)    Turns: 3984, Time: 00:07:44

Health: -6/41      AC:  4    Str: 12    XL:     7   Next: 4%
Magic:  5/12       EV: 11    Int: 17    God:
Gold:   128        SH:  0    Dex: 10    Spells: 8/12 levels left

rFire   . . .      SeeInvis .   o - +0 rapier
rCold   . . .      Faith    .   (no shield)
rNeg    + . .      Spirit   .   l - +0 leather armour
rPois   ∞          Reflect  .   (no helmet)
rElec   +          Harm     .   (no cloak)
rCorr   .          Rampage  .   (no gloves)
Will    .....                   (no boots)
Stlth   ++........              (no amulet)
HPRegen 0.13/turn               (no ring)
MPRegen 0.13/turn               (no ring)

@: corroded, unable to read
A: sickness immunity, AC +4, negative energy resistance 1, electricity
resistance, torment resistance 1, petrification resistance, inability to read
while threatened
a: no special abilities


You were on level 4 of the Dungeon.
You visited 2 branches of the dungeon, and saw 5 of its levels.

You collected 128 gold pieces.

Inventory:

Hand Weapons
 o - a +0 rapier (weapon)
 q - a +2 dagger of flaming
Missiles
 c - 11 stones
Armour
 b - a +0 buckler
 l - a +0 leather armour (worn)
Jewellery
 e - a ring of ice
 r - a ring of protection from fire
Wands
 p - a wand of flame (18)
Scrolls
 d - 3 scrolls of identify {unknown}
 f - a scroll of acquirement {unknown}
 h - a scroll of blinking {unknown}
 i - 3 scrolls of teleportation {unknown}
 j - a scroll of fog {unknown}
 k - a scroll of silence {unknown}
 m - a scroll of enchant armour {unknown}
Potions
 a - a potion of curing {unknown}
 g - a potion of mutation
 n - a potion of invisibility {unknown}


   Skills:
 * Level 3.0 Fighting
 + Level 1.8 Armour
 - Level 1.5 Dodging
 + Level 3.4 Stealth
 + Level 1.1 Shields
 * Level 3.4 Spellcasting
 * Level 3.2 Conjurations
 - Level 0.7 Transmutations
 * Level 5.1 Earth Magic


You had 8 spell levels left.
You knew the following spells:

 Your Spells              Type           Power      Damage    Failure   Level
a - Sandblast             Erth           40%        2d10      2%          1
b - Stone Arrow           Conj/Erth      34%        3d9       12%         3

Your spell library contained the following spells:

 Spells                   Type           Power      Damage    Failure   Level
 Passwall                 Tmut/Erth      10%        N/A       10%         2
 Beastly Appendage        Tmut           10%        N/A       16%         1
 Wereblood                Tmut           5%         N/A       24%         2
 Spider Form              Tmut/Pois      4%         N/A       50%         3
 Petrify                  Tmut/Erth      12%        N/A       54%         4


Dungeon Overview and Level Annotations

Branches:
Dungeon (4/15)             Temple (1/1) D:4

Altars:
Cheibriados
Dithmenos
Elyvilon
Fedhas
Gozag
Kikubaaqudgha
Makhleb
Nemelex Xobeh
Okawaru
Qazlal
Ru
Sif Muna
Trog
Uskayaw
Wu Jian
Xom
Zin
The Shining One

Annotations:
D:4 Ijyb


Innate Abilities, Weirdness & Mutations

You are immune to sickness and miasma.
Your stone body is resilient. (AC +4)
You are immune to poison.
You resist negative energy. (rN+)
You are resistant to electric shocks. (rElec)
You are resistant to unholy torment.
You are immune to petrification.
You sometimes lose the ability to read scrolls when taking damage.


Message History

Confirm with . or Enter, or press ? or * to list all spells.
Aiming: Sandblast (safe; 2% risk of failure)
Press: ? - help, Shift-Dir - straight line, f/p - Ijyb
Aim: Ijyb, wielding a +0 dagger, wearing a +2 ring mail of fire resistance and carrying a wand of acid (7) (lightly wounded, 78% to hit)
The blast of sand hits Ijyb.
Ijyb is moderately wounded.
The iguana barely misses you. Ijyb barely misses you.
You see here a scroll labelled BEMEOPL LUAGGY.
Ijyb screams, "I dance on your bones!"
You see here a +0 short sword.
Casting: Sandblast (safe; 2% risk of failure)
Confirm with . or Enter, or press ? or * to list all spells.
Aiming: Sandblast (safe; 2% risk of failure)
Press: ? - help, Shift-Dir - straight line, f/p - Ijyb
Aim: Ijyb, wielding a +0 dagger, wearing a +2 ring mail of fire resistance and carrying a wand of acid (7) (moderately wounded, 78% to hit)
The blast of sand hits the iguana.
The iguana is lightly wounded.
The iguana bites you!
Casting: Sandblast (safe; 2% risk of failure)
Confirm with . or Enter, or press ? or * to list all spells.
Aiming: Sandblast (safe; 2% risk of failure)
Press: ? - help, Shift-Dir - straight line, f/p - Ijyb
Aim: Ijyb, wielding a +0 dagger, wearing a +2 ring mail of fire resistance and carrying a wand of acid (7) (moderately wounded, 78% to hit)
The blast of sand hits the iguana.
The iguana is moderately wounded.
The iguana bites you but does no damage.
Casting: Sandblast (safe; 2% risk of failure)
Confirm with . or Enter, or press ? or * to list all spells.
Aiming: Sandblast (safe; 2% risk of failure)
Press: ? - help, Shift-Dir - straight line, f/p - Ijyb
Aim: Ijyb, wielding a +0 dagger, wearing a +2 ring mail of fire resistance and carrying a wand of acid (7) (moderately wounded, 78% to hit)
The blast of sand hits the iguana.
The iguana is moderately wounded.
The iguana bites you!
* * * LOW HITPOINT WARNING * * *
It was a potion of mutation.
You feel extremely strange.
You lose the ability to read scrolls when threatened.
The iguana bites you!
You feel threatened and lose the ability to read scrolls!
You die...

.... +.............#........
..... ##########....#........
......##.)..######...
#.....##.).)# ##.
#.....####'### #.....#......#
####### #.....#......# .......
#.....#......# .......
#..<.@#......##.......
######lg.............>
#.....†..........
############)...............
.##....................##...##
................#####.......#
........?.......# #.......#
....##.......)..# #......... .
#..!.......# #....... .


You could see Ijyb and an iguana.

Vanquished Creatures
  Eustachio (D:4)
  A black bear (D:4)
  An orc priest (D:3)
  An orc wizard (D:3)
  Robin (D:4)
  4 gnolls
  2 adders
  An adder skeleton (D:4)
  2 worms (D:2)
  2 dart slugs
  5 orcs (D:3)
  5 ball pythons
  4 endoplasms
  3 giant cockroaches
  15 goblins
  13 hobgoblins
  9 kobolds
  3 quokkas
  4 bats
  3 frilled lizards
  7 rats
87 creatures vanquished.

Vanquished Creatures (others)
  3 fungi (D:4)
3 creatures vanquished.

Grand Total: 90 creatures vanquished

Notes
Turn   | Place    | Note
-------+----------+-------------------------------------------
     0 | D:1      | Kaptain the Gargoyle Earth Elementalist began the quest for
                  | the Orb.
     0 | D:1      | Reached XP level 1. HP: 10/10 MP: 3/3
   301 | D:1      | Reached XP level 2. HP: 16/16 MP: 3/5
   317 | D:1      | Reached skill level 1 in Conjurations
   431 | D:1      | Reached skill level 1 in Fighting
   435 | D:1      | Reached XP level 3. HP: 20/20 MP: 2/6
   790 | D:1      | Found a faded altar of an unknown god.
   802 | D:1      | Reached skill level 4 in Earth Magic
  1057 | D:2      | Reached XP level 4. HP: 25/25 MP: 0/7
  2008 | D:3      | Reached skill level 1 in Armour
  2068 | D:3      | Reached XP level 5. HP: 30/30 MP: 5/9
  2331 | D:3      | Learned a level 3 spell: Stone Arrow
  2812 | D:4      | Found a sparkling altar of Nemelex Xobeh.
  2835 | D:4      | Found a staircase to the Ecumenical Temple.
  2835 | D:4      | Noticed Eustachio
  3146 | D:4      | Killed Eustachio
  3147 | D:4      | Reached skill level 5 in Earth Magic
  3147 | D:4      | Reached XP level 6. HP: 30/36 MP: 4/10
  3199 | D:4      | Found a shadowy altar of Dithmenos.
  3337 | Temple   | Entered the Ecumenical Temple
  3514 | D:4      | Noticed Robin
  3743 | D:4      | Killed Robin
  3828 | D:4      | Noticed a black bear
  3841 | D:4      | Killed a black bear
  3842 | D:4      | Reached skill level 1 in Shields
  3842 | D:4      | Reached XP level 7. HP: 40/40 MP: 1/12
  3960 | D:4      | Noticed Ijyb
  3984 | D:4      | Gained mutation: You sometimes lose the ability to read
                  | scrolls when taking damage. [potion of mutation]
  3984 | D:4      | Mangled by an iguana

Illustrated notes

Levels and vault maps discovered:
D:1:      onia_arrival_mini_maze, layout_basic, shapermc_ecumenical_altar_gd,
          st_stairs_8, wad_floor_pattern_2, minmay_3d_cube
D:2:      layout_basic
D:3:      layout_basic
D:4:      layout_basic, worldfamousw_hep_ancestral_shrine,
          mainiacjoe_overflow_big_doors, minmay_temple_entry_grid,
          uniq_eustachio, uniq_ijyb, uniq_robin
Temple:   regret_index_temple_sphere_string

Skill      XL: |  1  2  3  4  5  6  7 |
---------------+----------------------+-----
Conjurations   | 1 2 3 |  3.2
Fighting       | 1 2 3 |  3.0
Earth Magic    | 4 5 |  5.1
Armour         | 1 |  1.8
Spellcasting   | 3 |  3.4
Stealth        | 3 |  3.4
Shields        | 1 |  1.1
Dodging        | |  1.5
Transmutations | |  0.7

Action                   |  1- 3 |  4- 6 |  7- 9 || total
-------------------------+-------+-------+-------++-------
Melee: Unarmed           |     1 |       |       ||     1
       Short sword       |       |    31 |       ||    31
       Rapier            |       |     2 |       ||     2
 Cast: Sandblast         |    39 |    93 |    12 ||   144
       Stone Arrow       |       |     3 |       ||     3
  Use: Potion            |       |       |     1 ||     1
Armor: Robe              |     4 |     4 |       ||     8
       Leather armour    |       |    35 |     4 ||    39
Dodge: Dodged            |     8 |    63 |     4 ||    75
